 Dungeon Crawl Stone Soup version 0.30-a0-1016-gfb0d676c02 (webtiles) character file.

Game seed: 15421506171518816389

25385 gelatine the Arsonist (level 12, -2/91 HPs)
             Began as a Demonspawn Fire Elementalist on Apr 6, 2023.
             Was an Elder of Qazlal.
             Slain by a cane toad (7 damage)
             ... while petrified by a basilisk
             ... on level 3 of the Lair of Beasts.
             The game lasted 00:58:55 (17774 turns).

gelatine the Arsonist (DsFE)                       Turns: 17774, Time: 00:58:56

Health: -2/91      AC:  6    Str: 11    XL:     12   Next: 89%
Magic:  12/22      EV:  2    Int: 21    God:    Qazlal [****..]
Gold:   266        SH:  0    Dex: 14    Spells: 8/25 levels left

rFire   x . .      SeeInvis .    u - +8 spear of the Fuzzy God {flame, +Blink rN+ Str+2}
rCold   + + +      Faith    .    U - +2 kite shield {rC+}
rNeg    + + +      Spirit   .    z - +0 robe {rC+}
rPois   ∞          Reflect  +    (helmet restricted)
rElec   .          Rampage  .    (no cloak)
rCorr   .                        (no gloves)
Will    .....                    a - +2 pair of boots
Stlth   +                        g - amulet of reflection
HPRegen 0.35/turn                j - ring of ice
MPRegen 0.18/turn                R - +5 ring of evasion

@: petrified, repel missiles
A: antennae 2, powered by death 1, spiny 1, sharp scales 1, large bone plates 1,
MP-powered wands
a: Renounce Religion, Evoke Blink, Upheaval, Elemental Force


You were on level 3 of the Lair of Beasts.
You worshipped Qazlal.
Qazlal was greatly pleased with you.
You visited 3 branches of the dungeon, and saw 15 of its levels.
You also visited: Ice Cave.

You collected 725 gold pieces.
You spent 459 gold pieces at shops.

Inventory:

Hand Weapons
 c - the +10 spear of Maitanirgh {protect, rElec rPois Stlth+}
   (You found it on level 3 of the Dungeon)

   rElec:     It insulates you from electricity.
   rPois:     It protects you from poison.
   Stlth:     It makes you more stealthy.
 u - the +8 spear of the Fuzzy God (weapon) {flame, +Blink rN+ Str+2}
   (You found it on level 3 of the Dungeon)

   Str:       It affects your strength (+2).
   rN:        It protects you from negative energy.
   +Blink:    It lets you blink.
Missiles
 h - 5 silver javelins
 L - 2 boomerangs of dispersal
Armour
 a - a +2 pair of boots (worn)
 z - a +0 robe of cold resistance (worn)
 J - a +0 buckler
 M - a +1 leather armour of fire resistance
 O - a +1 troll leather armour
 U - a +2 kite shield of cold resistance (worn)
 V - a +2 tower shield of cold resistance
Magical Staves
 x - a staff of poison
Jewellery
 g - an amulet of reflection (around neck)
 j - a ring of ice (left hand)
 t - a ring of protection from cold
 w - an amulet of regeneration
 F - a ring of wizardry
 P - a ring of fire
 R - a +5 ring of evasion (right hand)
Wands
 l - a wand of roots (3)
 p - a wand of paralysis (20)
 D - a wand of light (18)
 Q - a wand of digging (2)
Scrolls
 k - 2 scrolls of enchant weapon
 q - a scroll of fog
 r - a scroll of immolation
 v - 2 scrolls of fear
 y - 2 scrolls of brand weapon
 A - 4 scrolls of teleportation
 C - a scroll of silence
 E - a scroll of poison
 H - a scroll of noise
 N - a scroll of blinking
 S - 4 scrolls of identify
 T - 3 scrolls of vulnerability {unknown}
Potions
 b - 2 potions of magic
 d - 3 potions of attraction
 e - a potion of mutation
 f - 6 potions of ambrosia
 i - a potion of invisibility
 m - a potion of resistance
 n - 4 potions of lignification
 o - 8 potions of curing
 s - 2 potions of cancellation
 B - 2 potions of haste
 G - a potion of berserk rage
 K - 3 potions of flight
Miscellaneous
 I - a tin of tremorstones (1/2)


   Skills:
 * Level 7.0 Fighting
 * Level 5.8 Polearms
 + Level 1.8 Armour
 * Level 7.4 Dodging
 + Level 2.6 Stealth
 * Level 6.6 Shields
 + Level 7.1 Spellcasting
 * Level 7.0 Conjurations
 + Level 0.3 Hexes
 + Level 1.5 Translocations
 * Level 9.6 Fire Magic
 * Level 6.6 Invocations
 * Level 6.2 Evocations


You had 8 spell levels left.
You knew the following spells:

 Your Spells              Type           Power      Damage    Failure   Level
a - Foxfire               Conj/Fire      100%       2x1d9     1%          1
b - Scorch                Fire           94%        2d9       1%          2
c - Volatile Blastmotes   Fire/Tloc      60%        2d15      7%          3
d - Inner Flame           Hex/Fire       28%        N/A       9%          3
e - Flame Wave            Conj/Fire      42%        2d11      8%          4
f - Sticky Flame          Conj/Fire      42%        2d6       8%          4

Your spell library contained the following spells:

 Spells                   Type           Power      Damage    Failure   Level
 Hailstorm                Conj/Ice       33%        3d8       16%         3
 Ignite Poison            Fire/Tmut/Pois 20%        N/A       19%         3
 Mephitic Cloud           Conj/Pois/Air  17%        N/A       26%         3
 Ensorcelled Hibernation  Hex/Ice        24%        N/A       32%         2
 Poisonous Vapours        Pois/Air       14%        N/A       34%         2
 Portal Projectile        Hex/Tloc       22%        N/A       43%         3
 Spider Form              Tmut/Pois      7%         N/A       56%         3
 Anguish                  Hex/Necr       4%         N/A       91%         4
 Ice Form                 Ice/Tmut       11%        N/A       92%         4
 Freezing Cloud           Conj/Ice/Air   13%        6-21      94%         5
 Silence                  Hex/Air        4%         N/A       99%         5
 Yara's Violent Unravell  Hex/Tmut       4%         3d4       99%         5
 Simulacrum               Ice/Necr       5%         N/A       100%        6
 Enfeeble                 Hex            4%         N/A       100%        7
 Discord                  Hex            4%         N/A       100%        8
 Ignition                 Fire           23%        3d8       100%        8


Dungeon Overview and Level Annotations

Branches:
Dungeon (10/15)            Temple (1/1) D:7            Lair (4/5) D:10
  Swamp (0/4) Lair:3       Spider (0/4) Lair:3        Slime (0/5) Lair:4
    Orc (0/2) D:9           IceCv (visited)

Altars:
Ashenzari
Cheibriados
Dithmenos
Fedhas
Gozag
Hepliaklqana
Kikubaaqudgha
Makhleb
Nemelex Xobeh
Okawaru
Qazlal
Ru
Sif Muna
Trog
Uskayaw
Vehumet
Wu Jian
Xom
Yredelemnul

Shops:
D:6 :   D:7 *   D:10 [

Annotations:
D:9 2 runed translucent doors, jasper's ghost, novice DsRe


Innate Abilities, Weirdness & Mutations

You have a pair of antennae on your head.
You regenerate a little health from kills.
You are partially covered in sharp spines.
You are partially covered in razor-sharp scales. (AC +1, Slay +1)
You are partially covered in large bone plates. (SH +4)
You expend magic power (3 MP) to strengthen your wands.


Message History

The six-headed hydra completely misses you.
The six-headed hydra bites you!
* * * LOW HITPOINT WARNING * * *
The six-headed hydra bites you but does no damage.
You block the six-headed hydra's attack.
The six-headed hydra misses you. The six-headed hydra barely misses you.
You blink.
A basilisk comes into view.
The basilisk hisses angrily.
A nearby fungus withers and dies.
The basilisk gazes at you. You resist with some effort.
You feel stable enough to blink again. The cane toad attacks as you move away!
You block the cane toad's attack.
The cane toad is engulfed in blazing flames.
The basilisk gazes at you. You resist with some effort.
You block the cane toad's attack. The basilisk gazes at you.
You are slowing down.
Casting: Flame Wave (dangerous; 8% risk of failure)
Confirm with . or Enter, or press ? or * to list all spells.
A cloud of volatile blastmotes flares up around you!
You block the cane toad's attack. x2
The cane toad stings you but does no damage.
The cane toad stings you!
* * * LOW HITPOINT WARNING * * *
Your limbs are stiffening.
The cloud of blastmotes explodes!
The concussive blast engulfs the cane toad!!
The cane toad is heavily wounded.
The concussive blast engulfs the cane toad!
The cane toad is severely wounded.
The concussive blast engulfs you! The fire burns you terribly!
* * * LOW HITPOINT WARNING * * *
The cane toad is knocked back by the blast.
You are knocked back by the blast.
The six-headed hydra is engulfed in blazing flames.
You have turned to stone.
The cane toad is struck by your spines. The cane toad stings you!
You die...

~♣
.............#
♣♣
##..........##
#..........P#
#...l......##
#....{.....#
#.#.###Fl°#.#
# ## ##D####
#F## #@.# ##.#
+#


You could see a skyshark, a six-headed hydra and 2 cane toads.

Vanquished Creatures
  2 two-headed ogres (D:9)
  A skyshark (Lair:4)
  A pharaoh ant (Lair:3)
  The ghost of LobsterGuardian the Spear-Bearer, a novice MfCA of Ignis (D:6)
  A bog body (IceCv)
  A necromancer (IceCv)
  A black mamba (Lair:2)
  Joseph (D:10)
  5 elephants (Lair:2)
  2 ice statues (IceCv)
  A cane toad (Lair:1)
  A rime drake (Lair:1)
  3 komodo dragons
  3 anaconda simulacra (IceCv)
  8 ice devils (IceCv)
  2 trolls
  8 blink frogs
  A hornet (D:9)
  2 tarantellas (Lair:3)
  4 dream sheep (Lair:4)
  A jumping spider (Lair:3)
  2 vampires (D:9)
  2 dire elephant simulacra (IceCv)
  Eustachio (D:5)
  9 yaks
  5 wyverns
  2 shadows (D:9)
  3 wraiths
  A death yak simulacrum (Lair:4)
  A steam dragon (D:6)
  2 vampire mosquitoes (D:10)
  2 harpy simulacra (IceCv)
  3 hydra simulacra (IceCv)
  2 swamp worms (Lair:3)
  Duvessa (D:5)
  4 water moccasins
  2 orc warriors
  3 sky beasts
  8 ice beasts (D:10)
  4 black bears
  2 ogres
  7 wolves
  5 centaurs
  2 phantoms
  Blork the orc (D:6)
  A gnoll sergeant (D:6)
  5 bullfrogs
  5 scorpions
  4 cane toad simulacra (Lair:4)
  19 wights
  Dowan (D:5)
  2 troll zombies (D:9)
  An elephant simulacrum (Lair:4)
  4 howler monkeys
  2 electric eels (D:10)
  3 jellies
  3 hounds
  A gnoll bouda (D:6)
  5 orc priests
  2 iguanas (D:4)
  4 orc wizards
  A wolf simulacrum (Lair:4)
  A polar bear simulacrum (IceCv)
  2 troll simulacra (IceCv)
  4 ogre zombies (D:9)
  3 gnolls (D:6)
  4 adders
  3 shadow imps
  A white imp (D:6)
  An ufetubus (D:6)
  3 dart slugs
  19 orcs
  7 ball pythons
  8 bats
  6 endoplasms
  4 giant cockroaches
  10 goblins
  4 hobgoblins
  4 jackals (D:4)
  2 quokkas
  2 frilled lizards
  A goblin skeleton (D:9)
  2 goblin zombies (D:9)
  A hobgoblin zombie (D:9)
  13 kobolds
  3 orc skeletons (D:9)
  12 orc zombies (D:9)
  8 rats
  A foxfire (D:9)
316 creatures vanquished.

Vanquished Creatures (collateral kills)
  3 foxfires
3 creatures vanquished.

Vanquished Creatures (others)
  A wizard (D:8)
  A quokka (D:4)
  A kobold (D:4)
  941 foxfires
  15 fungi
  25 plants
  2 withered plants (D:6)
986 creatures vanquished.

Grand Total: 1305 creatures vanquished

Notes
Turn   | Place    | Note
-------+----------+-------------------------------------------
     0 | D:1      | gelatine the Demonspawn Fire Elementalist began the quest
                  | for the Orb.
     0 | D:1      | Reached XP level 1. HP: 13/13 MP: 3/3
   314 | D:1      | Gained mutation: You regenerate a little health from kills.
                  | [demonic ancestry]
   314 | D:1      | Reached XP level 2. HP: 20/20 MP: 0/5
   563 | D:1      | Reached skill level 3 in Fire Magic
   687 | D:1      | Reached skill level 1 in Fighting
  1204 | D:1      | Reached XP level 3. HP: 26/26 MP: 2/6
  1643 | D:2      | Learned a level 2 spell: Scorch
  1684 | D:2      | Found an ancient bone altar of Kikubaaqudgha.
  2343 | D:3      | Identified the +8 spear of the Fuzzy God {flame, +Blink rN+
                  | Str+2}
  2360 | D:3      | Identified the +10 spear of Maitanirgh {protect, rElec
                  | rPois Stlth+}
  3138 | D:4      | Reached skill level 1 in Polearms
  3145 | D:4      | Reached XP level 4. HP: 32/32 MP: 1/7
  3308 | D:4      | Reached skill level 1 in Shields
  3308 | D:4      | Gained mutation: You have a pair of small antennae on your
                  | head. [demonic ancestry]
  3308 | D:4      | Reached XP level 5. HP: 37/37 MP: 1/8
  4165 | D:4      | Reached skill level 1 in Evocations
  4165 | D:4      | Reached XP level 6. HP: 44/44 MP: 7/10
  4420 | D:5      | Entered Level 5 of the Dungeon
  4750 | D:5      | Noticed Eustachio
  4766 | D:5      | Killed Eustachio
  4833 | D:5      | Noticed Dowan
  4834 | D:5      | Noticed Duvessa
  4838 | D:5      | Learned a level 3 spell: Volatile Blastmotes
  4848 | D:5      | Killed Dowan
  4980 | D:5      | Killed Duvessa
  4981 | D:5      | Reached skill level 4 in Fire Magic
  4981 | D:5      | Gained mutation: You are partially covered in sharp spines.
                  | [demonic ancestry]
  4981 | D:5      | Reached XP level 7. HP: 15/50 MP: 0/11
  5720 | D:6      | Learned a level 3 spell: Inner Flame
  5720 | D:6      | Found a runed translucent door.
  5720 | D:6      | Noticed LobsterGuardian's ghost (novice MfCA)
  5869 | D:6      | Reached XP level 8. HP: 57/57 MP: 7/13
  5979 | D:6      | Paralysed by an orc warrior for 3 turns
  5983 | D:6      | Noticed Blork the orc
  5992 | D:6      | HP: 2/57 [Blork the orc/puff of frost (13)]
  6202 | D:6      | Found Meol Ikle's Book Emporium.
  6484 | D:6      | Reached skill level 5 in Fire Magic
  6702 | D:6      | Noticed a troll
  6708 | D:6      | Killed a troll
  6709 | D:6      | Gained mutation: You have a pair of antennae on your head.
                  | [demonic ancestry]
  6709 | D:6      | Reached XP level 9. HP: 64/64 MP: 5/15
  6945 | D:6      | Reached skill level 1 in Translocations
  7227 | D:6      | Killed Blork the orc
  7546 | D:6      | Reached skill level 5 in Dodging
  7647 | D:6      | Reached skill level 6 in Fire Magic
  7779 | D:6      | Got the Handbook of the Sneaky Xeniums
  8054 | D:7      | Gained mutation: Armour fits poorly on your strangely
                  | shaped body. [potion of mutation]
  8055 | D:7      | Lost mutation: Armour fits poorly on your strangely shaped
                  | body. [potion of mutation]
  8055 | D:7      | Gained mutation: You are partially covered in large bone
                  | plates. (SH +4) [potion of mutation]
  8055 | D:7      | Gained mutation: You expend magic power (3 MP) to
                  | strengthen your wands. [potion of mutation]
  8081 | D:7      | Found a broken altar of Ashenzari.
  8087 | D:7      | Found a burning altar of Makhleb.
  8096 | D:7      | Found a staircase to the Ecumenical Temple.
  8105 | Temple   | Entered the Ecumenical Temple
  8165 | Temple   | Became a worshipper of Qazlal Stormbringer
  8912 | D:7      | Found Tentapa's General Store.
  8987 | D:7      | Found an ornate altar of the Wu Jian Council.
  9337 | D:8      | Learned a level 4 spell: Flame Wave
  9519 | D:8      | Found a bloodstained altar of Trog.
  9614 | D:8      | Reached * piety under Qazlal
  9829 | D:8      | Reached XP level 10. HP: 25/73 MP: 1/17
 10044 | D:8      | Noticed a wizard
 10047 | D:8      | Killed a wizard
 10408 | D:9      | Noticed a two-headed ogre
 10416 | D:9      | Killed a two-headed ogre
 10417 | D:9      | Reached skill level 5 in Spellcasting
 10417 | D:9      | Reached skill level 7 in Fire Magic
 10417 | D:9      | Reached skill level 1 in Invocations
 10627 | D:9      | Reached skill level 5 in Fighting
 11142 | D:9      | Reached ** piety under Qazlal
 11390 | D:9      | Found a staircase to the Orcish Mines.
 11687 | D:9      | Found an iron altar of Okawaru.
 11791 | D:9      | Found a large runed translucent door.
 11791 | D:9      | Found a large runed translucent door.
 11791 | D:9      | Noticed jasper's ghost (novice DsRe)
 12356 | D:10     | Entered Level 10 of the Dungeon
 12370 | D:10     | Reached skill level 5 in Conjurations
 12438 | D:10     | Noticed a two-headed ogre
 12438 | D:10     | Found an opulent altar of Gozag.
 12438 | D:10     | Found Hatet's Armour Shoppe.
 12643 | D:6      | Killed LobsterGuardian's ghost
 12748 | D:6      | Bought an Everburning Encyclopedia for 396 gold pieces
 12753 | D:6      | Learned a level 4 spell: Sticky Flame
 12880 | D:9      | Killed a two-headed ogre
 12984 | D:10     | Reached skill level 1 in Armour
 13018 | D:10     | Bought a +0 pair of boots for 63 gold pieces
 13050 | D:10     | Noticed Joseph
 13063 | D:10     | Killed Joseph
 13064 | D:10     | Reached skill level 8 in Fire Magic
 13064 | D:10     | Reached XP level 11. HP: 67/80 MP: 2/19
 13185 | D:10     | Found a snail-covered altar of Cheibriados.
 13201 | D:10     | Found a radiant altar of Vehumet.
 13327 | D:10     | Found a staircase to the Lair.
 13917 | Lair:1   | Entered Level 1 of the Lair of Beasts
 14458 | Lair:1   | Reached *** piety under Qazlal
 14666 | Lair:1   | Reached skill level 5 in Evocations
 15309 | Lair:2   | Reached skill level 5 in Shields
 15374 | Lair:2   | Reached skill level 5 in Invocations
 15579 | Lair:2   | You fall into a shaft and drop 2 floors!
 15579 | Lair:4   | Noticed a skyshark
 15589 | Lair:4   | Killed a skyshark
 15622 | Lair:4   | Reached skill level 5 in Polearms
 15624 | Lair:4   | Gained mutation: You are partially covered in razor-sharp
                  | scales. (AC +1, Slay +1) [demonic ancestry]
 15624 | Lair:4   | Reached XP level 12. HP: 89/89 MP: 18/21
 15636 | Lair:4   | Found a frozen archway.
 15655 | IceCv    | Entered an ice cave
 15830 | IceCv    | Reached **** piety under Qazlal
 15831 | IceCv    | Reached skill level 9 in Fire Magic
 17113 | Lair:2   | Noticed a death yak
 17113 | Lair:2   | Noticed a death yak
 17113 | Lair:2   | Noticed a death yak
 17119 | Lair:2   | Noticed a death yak
 17316 | Lair:3   | Found a hole to the Spider Nest.
 17364 | Lair:3   | HP: 1/89 [shot self (10)]
 17728 | Lair:3   | Found a staircase to the Swamp.
 17757 | Lair:3   | Noticed a six-headed hydra
 17773 | Lair:3   | HP: 4/91 [shot self (6)]
 17774 | Lair:3   | Slain by a cane toad

Illustrated notes

Levels and vault maps discovered:
D:1:      minmay_arrival_hallway, layout_loops_corners, serial_park_tiny_2,
          hangedman_decor_clover_reticule
D:2:      layout_basic, basic_altar
D:3:      layout_basic
D:4:      layout_basic, elyvilon_altar_4, serial_bayou_crossing
D:5:      layout_cave_pods, abandoned_shop, uniq_eustachio, uniq_duvessa
D:6:      cheibrodos_fzero, layout_basic, gammafunk_ghost_grave, serial_glass,
          glass_columns_a, glass_columns_a, glass_columns_a, glass_columns_c,
          serial_shops, shop, minivault_22, minmay_fractal_squares_gapless_5,
          uniq_blork_the_orc
D:7:      layout_basic, mainiacjoe_overflow_divided_tiny, bloody_makhleb,
          nicolae_ashenzari_skybound, minmay_temple_entry_waves,
          nicolae_inconvenience_store
D:8:      layout_basic, trog_wizard
D:9:      layout_gridville, lemuel_round_altar, zombieorc1_lemuel,
          ebering_ghost_disaster_area
D:10:     minmay_twisted_water, layout_rooms, nicolae_gozag_seed_capital,
          mainiacjoe_overflow_large_starburst, serial_shops, shop, minivault_16,
          uniq_joseph
Temple:   hellmonk_temple_two_chambers
Lair:1:   layout_layer_cave, serial_bayou_lagoon_a, beast_lair_carwin_9
Lair:2:   layout_long_grid, lemuel_fruit_tree
Lair:3:   layout_roguey, minmay_swamp_entry_worms,
          nicolae_spider_entry_lesser_pyramids
Lair:4:   layout_regular_city, slime_entry_1,
          portal_ice_cave_entry_ice_simulacra

Skill      XL: |  1  2  3  4  5  6  7  8  9 10 11 12 |
---------------+-------------------------------------+-----
Fire Magic     | 3 4 5 6 8 9 |  9.6
Fighting       | 1 2 3 4 5 6 7 |  7.0
Dodging        | 2 3 4 5 6 7 |  7.4
Polearms       | 1 2 3 4 5 |  5.8
Shields        | 1 2 3 4 5 6 |  6.6
Stealth        | 2 |  2.6
Conjurations   | 2 3 4 5 6 7 |  7.0
Evocations     | 1 2 3 4 5 6 |  6.2
Spellcasting   | 3 4 5 6 7 |  7.1
Translocations | 1 |  1.5
Invocations    | 3 5 6 |  6.6
Armour         | 1 |  1.8
Hexes          | |  0.3

Action                     |  1- 3 |  4- 6 |  7- 9 | 10-12 || total
---------------------------+-------+-------+-------+-------++-------
  Melee: Spear             |    41 |    20 |    93 |   311 ||   465
         Punch             |       |     1 |     1 |       ||     2
   Cast: Foxfire           |    92 |    89 |   125 |   248 ||   554
         Scorch            |     3 |     3 |    43 |    64 ||   113
         Volatile Blastmot |       |     4 |    11 |    17 ||    32
         Inner Flame       |       |       |     1 |     1 ||     2
         Flame Wave        |       |       |       |    29 ||    29
 Invoke: Upheaval          |       |       |       |     3 ||     3
Ability: Evoke Blink       |       |       |     4 |     6 ||    10
  Evoke: Wand              |       |     1 |     1 |       ||     2
         Tin of tremorston |       |       |       |     1 ||     1
    Use: Scroll            |       |       |    18 |     9 ||    27
         Potion            |       |       |     3 |     5 ||     8
   Stab: Sleeping          |     2 |       |       |       ||     2
 Armour: Robe              |     7 |    11 |    12 |    10 ||    40
         Troll leather arm |       |       |       |    21 ||    21
  Dodge: Dodged            |    22 |    31 |    44 |   178 ||   275
         Repelled          |       |       |       |     6 ||     6
  Block: Other             |     9 |    10 |    22 |       ||    41
         Reflection        |     1 |       |       |    11 ||    12
         Buckler           |       |       |    21 |   249 ||   270
         Kite shield       |       |       |       |   115 ||   115

Table legend: (Time is in decaauts)
 A = Elapsed time spent in this place.
 B = Non-inter-level travel time spent in this place.
 C = Inter-level travel time spent in this place.
 D = Time resting spent in this place.
 E = Time spent auto-exploring this place.
 F = Levels seen in this place.
 G = Mean time per level.
                   A        B        C        D        E       F      G
               +--------+--------+--------+--------+--------+-----+--------+
         Total |  17833 |  17036 |    797 |      0 |  14038 |  16 | 1114.6 |
       Dungeon |  13721 |  12989 |    732 |      0 |  10930 |  10 | 1372.1 |
        Temple |    243 |    243 |      0 |      0 |    201 |   1 |  243.0 |
          Lair |   2450 |   2385 |     65 |      0 |   1900 |   4 |  612.5 |
      Ice Cave |   1418 |   1418 |      0 |      0 |   1006 |   1 | 1418.0 |
               +--------+--------+--------+--------+--------+-----+--------+

Top non-repeatable levels by time:
     D:9: 2136 daAuts
     D:5: 1937 daAuts
     D:6: 1884 daAuts
   IceCv: 1418 daAuts
  Lair:1: 1400 daAuts
     D:4: 1381 daAuts
     D:1: 1324 daAuts
     D:7: 1225 daAuts
     D:8: 1089 daAuts
    D:10: 1019 daAuts
     D:2: 1007 daAuts
     D:3: 717 daAuts
  Lair:3: 601 daAuts
  Lair:2: 336 daAuts
  Temple: 243 daAuts
